 Dungeon Crawl Stone Soup version 0.31-a0-149-g3fdcc5976a (webtiles) character file.

Game seed: 6754645991720029137

100 comborobin the Sneak (level 4, -1/27 HPs)
             Began as a Deep Elf Delver on June 7, 2023.
             Slain by Sigmund
             ... wielding a +0 scythe
              (8 damage)
             ... on level 3 of the Dungeon.
             The game lasted 00:02:41 (1766 turns).

comborobin the Sneak (Deep Elf Delver)              Turns: 1766, Time: 00:02:42

Health: -1/27      AC:  5    Str:  9    XL:     4   Next: 47%
Magic:  6/6        EV: 12    Int: 15    God:
Gold:   153        SH:  0    Dex: 18    Spells: 3/3 levels left

rFire   . . .        f - +1 flail (distort)
rCold   . . .        (no shield)
rNeg    + . .        j - +1 leather armour {rN+}
rPois   .            (no helmet)
rElec   .            h - +0 cloak
rCorr   .            (no gloves)
SInv    .            (no boots)
Will    .....        (no amulet)
Stlth   +++          (no ring)
HPRegen 0.24/turn    (no ring)
MPRegen 0.10/turn

%: no passive effects
@: no status effects
A: no striking features
a: no special abilities


You were on level 3 of the Dungeon.
You visited 1 branch of the dungeon, and saw 5 of its levels.

You collected 153 gold pieces.

Inventory:

Hand Weapons
 a - a +0 short sword
 f - a +1 flail of distortion (weapon)
Armour
 b - a +0 leather armour
 h - a +0 cloak (worn)
 j - a +1 leather armour of positive energy (worn)
Wands
 g - a wand of digging (3)
 k - a wand of polymorph (4)
Scrolls
 c - a scroll of fog
 d - a scroll of magic mapping
 i - a scroll of immolation {unknown}


   Skills:
 - Level 2.6 Fighting
 - Level 4.3 Short Blades
 + Level 0.1 Maces & Flails
 - Level 2.8 Dodging
 - Level 6.2 Stealth


You had 3 spell levels left.
You didn't know any spells.
Your spell library contained the following spells:

 Spells                   Type           Power      Damage    Failure   Level
 Magic Dart               Conj           0%         1d3       36%         1
 Call Imp                 Summ           0%         N/A       50%         2
 Mephitic Cloud           Conj/Pois/Air  0%         N/A       75%         3


Dungeon Overview and Level Annotations

Branches:
Dungeon (6/15)
 Temple: D:4-7

Altars:

Annotations:
D:3 Sigmund


Message History

Sigmund hits you but does no damage.
Throw: 2 darts (poison)
Press: ? - help, Q - select action, (/) - cycle Shift-Dir - straight line, f/p - Sigmund
Aim: Sigmund, wielding a +0 scythe, wearing a +0 robe and carrying a wand of polymorph (2) (lightly wounded, poisoned, 58% to hit)
You throw a poisoned dart. The poisoned dart hits Sigmund.
Sigmund looks even sicker.
Sigmund is lightly wounded.
Throw: dart (poison)
Press: ? - help, Q - select action, (/) - cycle Shift-Dir - straight line, f/p - Sigmund
Aim: Sigmund, wielding a +0 scythe, wearing a +0 robe and carrying a wand of polymorph (2) (lightly wounded, very poisoned, 58% to hit)
You throw a poisoned dart.
The poisoned dart completely misses Sigmund.
Your transformation is almost over.
Sigmund casts a spell.
Sigmund flickers and vanishes!
Deactivating autopickup; reactivate with Ctrl-A.
You hear some strange, mumbled words.
Something tries to affect you, but you resist.
Unknown command.
Something hits you but does no damage. Something hits you but does no damage.
Something hits you. Something hits you. Something hits you but does no damage.
Something hits you but does no damage.
You feel less wooden.
Your +0 cloak unmelds from your body.
Your +1 leather armour of positive energy unmelds from your body.
You feel more protected from negative energy.
Something hits you. Something hits you. Something hits you but does no damage.
You hear some strange, mumbled words.
Something tries to affect you, but you resist.
You hear some strange, mumbled words.
Something tries to affect you, but you resist.
You hit something. Something hits you.
* * * LOW HITPOINT WARNING * * *
You barely miss something. Something hits you!
You die...

.##.####.#......# #.#
.........#.####.# #.# ###'######
##.# #.# ##...## #..# #.###
#...).## # ###..## #...#
...†...###.#.....# ##..#
........##.#.....#########...####
........+........{..........{...'
........####....@#########..S####
.......## #.....# ##..# #.....##
###.### ##.# ##...## #<# #.#
##'## #.# ..# #.# #.# ### #.# #.#
###.## ..# .....## ###


There were no monsters in sight!

Vanquished Creatures
  Ijyb (D:3)
  4 adders
  A dart slug (D:3)
  5 ball pythons
  4 endoplasms
  2 giant cockroaches
  3 goblins
  4 hobgoblins
  2 jackals (D:3)
  A kobold (D:3)
  A quokka (D:2)
  4 bats
  A frilled lizard (D:2)
  3 rats
36 creatures vanquished.

Notes
Turn   | Place    | Note
-------+----------+-------------------------------------------
     0 | D:5      | comborobin the Deep Elf Delver began the quest for the Orb.
     0 | D:5      | Reached XP level 1. HP: 13/13 MP: 3/3
    10 | D:5      | Noticed a scorpion
    59 | D:5      | Reached XP level 2. HP: 18/18 MP: 4/4
    65 | D:5      | Noticed a water moccasin
   572 | D:2      | Reached XP level 3. HP: 22/22 MP: 5/5
   922 | D:3      | Noticed Ijyb
   928 | D:3      | Killed Ijyb
  1021 | D:3      | Reached XP level 4. HP: 27/27 MP: 6/6
  1590 | D:3      | Noticed Sigmund
  1766 | D:3      | Slain by Sigmund

Illustrated notes

Levels and vault maps discovered:
D:2:      layout_rooms, chequers_serial_rivers_room_a, hangedman_decor_slide_cut
D:3:      layout_loops_corners, uniq_ijyb, uniq_sigmund
D:4:      layout_gridville, mainiacjoe_overflow_surrounded_room,
          amcnicky_altar_gilded, nicolae_ru_sacrificial_ziggurat, serial_shops,
          nicolae_lakefront_shop
D:5:      layout_loops_ring, minmay_quadrilaterals, uniq_duvessa
D:6:      layout_loops_corners, nicolae_uskayaw_dance_hall,
          gup_ossuary_entry_pyramid, serial_bayou, serial_bayou_ford_a,
          serial_bayou_shore_a, serial_bayou_pond_a, serial_bayou_lagoon_a

Skill      XL: |  1  2  3  4 |
---------------+-------------+-----
Short Blades   | 3 4 |  4.3
Fighting       | |  2.6
Maces & Flails | |  0.1
Dodging        | |  2.8
Stealth        | |  6.2

Action                     |  1- 3 |  4- 6 || total
---------------------------+-------+-------++-------
  Melee: Short sword       |    50 |    20 ||    70
         Punch             |     1 |       ||     1
         Flail             |       |    17 ||    17
         Unarmed           |       |    14 ||    14
  Throw: Dart              |       |     4 ||     4
  Evoke: Wand              |       |     3 ||     3
    Use: Potion            |     1 |     1 ||     2
         Scroll            |     1 |       ||     1
   Stab: Sleeping          |    14 |     2 ||    16
 Armour: Leather armour    |     5 |     6 ||    11
         Skin              |       |    10 ||    10
  Dodge: Dodged            |    29 |    43 ||    72

Table legend: (Time is in decaauts)
 A = Elapsed time spent in this place.
 B = Non-inter-level travel time spent in this place.
 C = Inter-level travel time spent in this place.
 D = Time resting spent in this place.
 E = Time spent auto-exploring this place.
 F = Levels seen in this place.
 G = Mean time per level.
                   A        B        C        D        E       F      G
               +--------+--------+--------+--------+--------+-----+--------+
         Total |   1738 |   1699 |     39 |    288 |    963 |   5 |  347.6 |
       Dungeon |   1738 |   1699 |     39 |    288 |    963 |   5 |  347.6 |
               +--------+--------+--------+--------+--------+-----+--------+

Top non-repeatable levels by time:
     D:3: 844 daAuts
     D:2: 662 daAuts
     D:5: 145 daAuts
     D:4: 75 daAuts
     D:6: 10 daAuts
